 Dungeon Crawl Stone Soup version 0.31-a0-4-gefa6de2278 (webtiles) character file.

Game seed: 15218435776870699480

202 DavidChitty2 the Chopper (level 5, -4/47 HPs)
             Began as a Minotaur Fighter on May 3, 2023.
             Slain by Sigmund
             ... wielding a +0 scythe
              (10 damage)
             ... on level 3 of the Dungeon.
             The game lasted 00:03:37 (2141 turns).

DavidChitty2 the Chopper (Minotaur Fighter)         Turns: 2141, Time: 00:03:38

Health: -4/47      AC:  7    Str: 22    XL:     5   Next: 50%
Magic:  4/4        EV:  9    Int:  5    God:
Gold:   96         SH:  4    Dex: 10    Spells: 4/4 levels left

rFire   + . .        a - +0 war axe
rCold   . . .        c - +0 buckler
rNeg    . . .        s - +0 scale mail
rPois   .            (helmet restricted)
rElec   .            (no cloak)
rCorr   .            (no gloves)
SInv    .            (no boots)
Will    .....        (no amulet) Stlth
                     i - ring of protection from fire
HPRegen 0.27/turn    (no ring)
MPRegen 0.09/turn

%: no passive effects
@: no status effects
A: horns 2, retaliatory headbutt
a: no special abilities


You were on level 3 of the Dungeon.
You visited 1 branch of the dungeon, and saw 3 of its levels.

You collected 96 gold pieces.

Inventory:

Hand Weapons
 a - a +0 war axe (weapon)
 b - a +0 flail of protection
   (You took it off Terence on level 2 of the Dungeon)
Armour
 c - a +0 buckler (worn)
 s - a +0 scale mail (worn)
Jewellery
 i - a ring of protection from fire (left hand)
   (You took it off a goblin on level 2 of the Dungeon)
 m - a ring of fire
   (You found it on level 2 of the Dungeon)
Scrolls
 f - a scroll of noise {unknown}
 h - a scroll of amnesia {unknown}
 k - 2 scrolls of fog {unknown}
 o - 3 scrolls of teleportation {unknown}
 p - a scroll of acquirement {unknown}
 q - 4 scrolls of identify {unknown}
 t - a scroll of fear {unknown}
Potions
 d - a potion of might
 e - a potion of mutation {unknown}
 g - 2 potions of curing {unknown}
 j - a potion of lignification {unknown}
 l - 2 potions of flight {unknown}
 n - a potion of degeneration {unknown}
 r - a potion of brilliance {unknown}


   Skills:
 + Level 4.6 Fighting
 * Level 4.7 Axes
 + Level 4.7 Armour
 + Level 4.6 Shields


You had 4 spell levels left.
You didn't know any spells.
Your spell library contained the following spells:

 Spells                   Type           Power      Damage    Failure   Level
 Alistair's Intoxication  Tmut/Pois      0%         N/A       100%        5
 Borgnjor's Vile Clutch   Necr/Erth      0%         N/A       100%        5
 Eringya's Noxious Bog    Tmut/Pois      0%         N/A       100%        6


Dungeon Overview and Level Annotations

Branches:
Dungeon (3/15)

Altars:

Shops:
D:3 [

Annotations:
D:3 Sigmund


Innate Abilities, Weirdness & Mutations

You have a pair of horns on your head.
You reflexively headbutt those who attack you in melee.


Message History

You climb downwards.
Level annotation: Sigmund
There is a stone staircase leading up, spattered with blood here.
Sigmund mumbles some strange words.
Sigmund flickers and vanishes!
Deactivating autopickup; reactivate with Ctrl-A.
You closely miss something.
You hear some strange, mumbled words.
You are confused.
You closely miss something. Your headbutt misses something. Something hits you.
You bump into the rock wall.
Something hits you.
You slash something! Your headbutt misses something.
Unknown command.
You barely miss something. Your headbutt misses something. Something hits you!
You closely miss something. Your headbutt misses something.
You hear some strange, mumbled words.
You are more confused.
You bump into the rock wall.
You hear some strange, mumbled words.
A magic dart appears from out of thin air!
The magic dart hits you but does no damage.
Unknown command.
Something hits you. Something hits you but does no damage.
Something hits you but does no damage.
Unknown command.
You bump into the rock wall.
Something hits you!
You feel less confused.
Unknown command.
You slash something! You block something's attack.
You hit something.
You hear some strange, mumbled words.
A puff of flame appears from out of thin air!
The puff of flame hits you.
* * * LOW HITPOINT WARNING * * *
You miss something. Something hits you!
* * * LOW HITPOINT WARNING * * *
You closely miss something.
You hear some strange, mumbled words.
A puff of flame appears from out of thin air!
The puff of flame hits you!
* * * LOW HITPOINT WARNING * * *
i - a ring of protection from fire (left hand)
Something hits you!
You die...

##...##...##.#.........#..#..
#... #...#.##.###.#.....###.
#.. #....###.# #......## ##
#.. #.K.#.##.###.#####.###.
#...##......#............#..
#............##...........##
#.......รท######.######......
#.####.......<..#########.##
# #.#..{@..............#
...########.########### #####
###


There were no monsters in sight!

Vanquished Creatures
  A scorpion (D:3)
  Terence (D:2)
  4 gnolls (D:2)
  2 adders
  4 worms
  3 dart slugs
  5 bats
  4 endoplasms
  A giant cockroach (D:1)
  4 goblins
  4 hobgoblins
  A quokka (D:3)
  5 ball pythons
  3 frilled lizards
  9 kobolds
  2 rats (D:1)
53 creatures vanquished.

Vanquished Creatures (others)
  3 plants
3 creatures vanquished.

Grand Total: 56 creatures vanquished

Notes
Turn   | Place    | Note
-------+----------+-------------------------------------------
     0 | D:1      | DavidChitty2 the Minotaur Fighter began the quest for the
                  | Orb.
     0 | D:1      | Reached XP level 1. HP: 19/19 MP: 0/0
   157 | D:1      | Reached XP level 2. HP: 22/27 MP: 1/1
   908 | D:2      | Found a faded altar of an unknown god.
   917 | D:2      | Reached XP level 3. HP: 33/33 MP: 2/2
  1149 | D:2      | Reached XP level 4. HP: 28/40 MP: 3/3
  1209 | D:2      | Noticed Terence
  1216 | D:2      | Killed Terence
  1724 | D:3      | Reached XP level 5. HP: 47/47 MP: 4/4
  1769 | D:3      | Found Fiwakoak's Antique Armour Boutique.
  1946 | D:3      | Noticed Sigmund
  2141 | D:3      | Slain by Sigmund

Illustrated notes

Levels and vault maps discovered:
D:1:      heliophobic_arrival_dark_side_of_the_moon, layout_rooms,
          chequers_serial_rivers_room_a, chequers_big_river
D:2:      layout_basic, shapermc_ecumenical_altar_totnotflames,
          serial_bayou_crossing, uniq_terence
D:3:      layout_loops_ring, serial_shops, shop_statue, uniq_sigmund

Skill      XL: |  1  2  3  4 |
---------------+-------------+-----
Axes           | 3 4 |  4.7
Fighting       | 4 |  4.6
Armour         | 4 |  4.7
Shields        | 4 |  4.6

Action                     |  1- 3 |  4- 6 || total
---------------------------+-------+-------++-------
  Melee: War axe           |    67 |    78 ||   145
         Headbutt          |     6 |     9 ||    15
 Armour: Scale mail        |    19 |    32 ||    51
  Dodge: Dodged            |    25 |    30 ||    55
  Block: Buckler           |    11 |    13 ||    24

Table legend: (Time is in decaauts)
 A = Elapsed time spent in this place.
 B = Non-inter-level travel time spent in this place.
 C = Inter-level travel time spent in this place.
 D = Time resting spent in this place.
 E = Time spent auto-exploring this place.
 F = Levels seen in this place.
 G = Mean time per level.
                   A        B        C        D        E       F      G
               +--------+--------+--------+--------+--------+-----+--------+
         Total |   2214 |   2093 |    121 |    133 |   1431 |   3 |  738.0 |
       Dungeon |   2214 |   2093 |    121 |    133 |   1431 |   3 |  738.0 |
               +--------+--------+--------+--------+--------+-----+--------+

Top non-repeatable levels by time:
     D:2: 1030 daAuts
     D:1: 727 daAuts
     D:3: 456 daAuts
